 Dungeon Crawl Stone Soup version 0.31-a0-331-geda263fcf1 (webtiles) character file.

Game seed: 14767361470606396302

55322 quinnr the Stormcaller (level 14, -26/88 HPs)
             Began as a Tengu Air Elementalist on July 19, 2023.
             Was a High Priest of Vehumet.
             Annihilated by a minotaur
             ... wielding a +5 halberd of holy wrath
              (36 damage)
             ... in a Gauntlet.
             The game lasted 00:56:31 (24539 turns).

quinnr the Stormcaller (Tengu Air Elementalist)    Turns: 24539, Time: 00:56:32

Health: -26/88     AC:  7    Str:  5    XL:     14   Next: 76%
Magic:  3/38       EV: 25    Int: 28    God:    Vehumet [*****.]
Gold:   798        SH:  0    Dex: 20    Spells: 0/33 levels left

rFire   + . .        m - +0 war axe "Ceobbuur" {holy, rF+ Dex+5}
rCold   . . .        (no shield)
rNeg    . . .        z - +0 robe
rPois   .            h - +1 hat of Reotiem {rCorr}
rElec   +            d - +2 cloak
rCorr   +            Y - +0 pair of gloves of Darkness {rElec Str-3 Int+7}
SInv    .            (boots unavailable)
Will    +....        S - amulet of magic regeneration
Stlth   +++          M - ring of magical power
HPRegen 0.34/turn    (no ring)
MPRegen 0.66/turn

%: no teleportation
@: swift (expiring), flying quickly and evasively, studying Throwing, very quick
A: beak, talons 3, nimble flight
a: Renounce Religion


You were in a Gauntlet.
You worshipped Vehumet.
Vehumet was extremely pleased with you.
You visited 3 branches of the dungeon, and saw 17 of its levels.
You also visited: Sewer, Gauntlet and Volcano.

You collected 1484 gold pieces.
You spent 686 gold pieces at shops.


Innate Abilities, Weirdness & Mutations

You have a beak for a mouth.
You have claws for feet.
Your magical nature lets you fly swiftly and evasively.


   Skills:
 - Level 10.0 Fighting
 - Level 3.0 Ranged Weapons
 - Level 4.0 Throwing
 - Level 12.9 Dodging
 + Level 5.0 Stealth
 - Level 10.0 Spellcasting
 + Level 9.0 Conjurations
 - Level 4.0 Hexes
 + Level 4.1 Summonings
 + Level 0.0 Ice Magic
 + Level 17.4 Air Magic
 - Level 4.0 Poison Magic
 - Level 4.0 Evocations


You couldn't memorise any spells.
You knew the following spells:

 Your Spells              Type           Power      Damage    Failure   Level
a - Airstrike             Air            42%        2d(6-22)  1%          4
c - Freezing Cloud        Conj/Ice/Air   29%        6-21      1%          5
f - Fulminant Prism       Conj/Hex       25%        3d14      1%          4
i - Swiftness             Air            84%        N/A       0%          3
l - Summon Lightning Spi  Summ/Air       65%        N/A       1%          4
m - Mephitic Cloud        Conj/Pois/Air  63%        N/A       1%          3
p - Poisonous Vapours     Pois/Air       100%       N/A       1%          2
t - Static Discharge      Conj/Air       100%       2-7/arc   1%          2
z - Shock                 Conj/Air       100%       1d9       0%          1
X - Arcjolt               Conj/Air       36%        1d46      1%          5

Your spell library contained the following spells:

 Spells                   Type           Power      Damage    Failure   Level
 Flame Wave               Conj/Fire      39%        2d11      1%          4
 Kiss of Death            Conj/Necr      100%       2d13      1%          1
 Magic Dart               Conj           100%       1d8       1%          1
 Summon Small Mammal      Summ           100%       N/A       1%          1
 Call Imp                 Summ           74%        N/A       1%          2
 Cigotuvi's Dreadful Rot  Necr/Pois/Air  100%       N/A       1%          2
 Ignite Poison            Fire/Tmut/Pois 21%        N/A       1%          3
 Call Canine Familiar     Summ           37%        N/A       2%          3
 Confusing Touch          Hex            36%        N/A       2%          3
 Summon Guardian Golem    Hex/Summ       36%        N/A       2%          3
 Necrotise                Necr           56%        1d6       4%          1
 Fireball                 Conj/Fire      19%        3d9       4%          5
 Irradiate                Conj/Tmut      19%        3d18      4%          5
 Sublimation of Blood     Necr           14%        N/A       6%          2
 Wereblood                Tmut           14%        N/A       6%          2
 Cause Fear               Hex            18%        N/A       8%          4
 Ozocubu's Armour         Ice            14%        N/A       12%         3
 Vampiric Draining        Necr           14%        2d7       12%         3
 Animate Armour           Summ/Erth      50%        N/A       17%         4
 Lee's Rapid Deconstruct  Erth           7%         3d6*      28%         5
 Dispel Undead            Necr           14%        3d10      36%         4
 Petrify                  Tmut/Erth      14%        N/A       36%         4
 Metabolic Englaciation   Hex/Ice        12%        N/A       43%         5
 Agony                    Necr           14%        N/A       73%         5
 Simulacrum               Ice/Necr       7%         N/A       99%         6
 Summon Hydra             Summ           18%        N/A       99%         7
 Dragon's Call            Summ           18%        N/A       100%        9

Inventory:

Hand Weapons
 a - a +0 sling of electrocution
 b - a +2 dagger of venom
 f - a +1 dagger of freezing
 m - the +0 war axe "Ceobbuur" (weapon) {holy, rF+ Dex+5}
   (You found it on level 10 of the Dungeon)

   Dex:       It affects your dexterity (+5).
   rF:        It protects you from fire.
 N - the +5 rapier "Bapnag" {holy, Stlth+}
   (You found it on level 5 of the Lair of Beasts)

   Stlth:     It makes you more stealthy.
Missiles
 c - 2 poisoned darts
 P - 6 curare-tipped darts {=f}
Armour
 d - a +2 cloak (worn)
 h - the +1 hat of Reotiem (worn) {rCorr}
   (You found it in a Gauntlet)

   rCorr:     It protects you from acid and corrosion.
 z - a +0 robe (worn)
 Y - the +0 pair of gloves of Darkness (worn) {rElec Str-3 Int+7}
   (You found it on level 4 of the Lair of Beasts)

   Str:       It affects your strength (-3).
   Int:       It affects your intelligence (+7).
   rElec:     It insulates you from electricity.
Jewellery
 g - the ring "Vijoy" {Fly rF- EV+5 Int+3}
   (You found it on level 4 of the Lair of Beasts)

   [ring of evasion]

   EV:        It affects your evasion (+5).
   Int:       It affects your intelligence (+3).
   rF:        It makes you vulnerable to fire.
   Fly:       It grants you flight.
 j - an amulet of regeneration
 C - a ring of ice
 M - a ring of magical power (left hand)
 S - an amulet of magic regeneration (around neck)
 W - a ring of willpower
Wands
 w - a wand of paralysis (2)
 E - a wand of digging (6)
 J - a wand of mindburst (10)
 K - a wand of iceblast (12)
 L - a wand of flame (23)
 R - a wand of polymorph (2)
Scrolls
 i - a scroll of revelation
 k - a scroll of fog {unknown}
 r - 6 scrolls of immolation {unknown}
 v - 2 scrolls of enchant weapon {unknown}
 B - 2 scrolls of brand weapon
 D - a scroll of vulnerability {unknown}
 F - 7 scrolls of teleportation {unknown}
 I - a scroll of blinking {unknown}
 T - 2 scrolls of fear {unknown}
 V - a scroll of acquirement {unknown}
 X - a scroll of torment {unknown}
 Z - a scroll of butterflies
Potions
 e - 3 potions of mutation {unknown}
 n - 13 potions of curing {@q1}
 p - 3 potions of haste {@q3}
 s - 4 potions of heal wounds {unknown}
 u - a potion of might
 x - 4 potions of invisibility {unknown}
 A - 5 potions of magic
 G - 2 potions of enlightenment
 H - 2 potions of cancellation
 O - 2 potions of brilliance

Dungeon Overview and Level Annotations

Branches:
Dungeon (11/15)            Temple (1/1) D:5            Lair (5/5) D:8
  Swamp (0/4) Lair:2       Spider (0/4) Lair:2        Slime (0/5) Lair:5
  Sewer (visited)         Volcano (visited)         Gauntlet (1/1)
    Orc: D:9-12

Altars:
Ashenzari
Cheibriados
Dithmenos
Elyvilon
Fedhas
Gozag
Hepliaklqana
Kikubaaqudgha
Makhleb
Nemelex Xobeh
Okawaru
Qazlal
Ru
Sif Muna
Trog
Uskayaw
Vehumet
Wu Jian
Xom
Yredelemnul
Zin
The Shining One

Annotations:
D:3 1 exclusion
Lair:1 exclusion: downstairs
Lair:4 exclusion: downstairs Gauntlet 12 transporters, exclusion: orange crystal statue

▓▓▓▓ ▓.. ▓.░ ░░░ ▓▓.░⌠.⌠░
▓@.H.∩.░ ▓.░░⌠.⌠░ ▓▒▒
▓8░░░░░░░▓▓.▒
▓...........▒
▒.▓▓▓▓▓▓▓▓▓▓▓.▒
▒.............▒
▓▓▒▒▒▒▒▒▒.▒▒▒▒▒▒▒▓▓
▓§...............§▓ ▒▒▒
▒▒▒
▒▒▒▓8..©.©.©.©.©.©..8▓▒▒▒


You could see a minotaur (ally target) and a friendly lightning spire
(summoned).


Message History

The air twists around and strikes the minotaur!!
The minotaur is almost dead.
You start to feel a little slower.
The minotaur closely misses you.
Casting: Airstrike (safe; 1% risk of failure)
Confirm with . or Enter, or press ? or * to list all spells.
Aiming: Airstrike (safe; 1% risk of failure)
Press: ? - help, Dir - move target, f/p - minotaur
Aim: a minotaur, wielding a +5 halberd of holy wrath, wearing a +0 chain mail, wearing a ring of positive energy and quivering silver javelins (almost dead, ally target, empty space bonus: 5/8)
The air twists around and strikes the minotaur but does no damage.
The minotaur hits you from afar with a +5 halberd of holy wrath!!
* * * LOW HITPOINT WARNING * * *
Unknown command.
Unknown command.
Aiming: Mindburst
Press: ? - help, Shift-Dir - straight line, f/p - minotaur
Aim: a minotaur, wielding a +5 halberd of holy wrath, wearing a +0 chain mail, wearing a ring of positive energy and quivering silver javelins (almost dead, ally target, chance to affect: 16%)
Okay, then.
Unknown command.
Casting: Airstrike (safe; 1% risk of failure)
Confirm with . or Enter, or press ? or * to list all spells.
Okay, then.
Unknown command.
Aiming: Iceblast
Press: ? - help, Shift-Dir - straight line, f/p - minotaur
Aim: a minotaur, wielding a +5 halberd of holy wrath, wearing a +0 chain mail, wearing a ring of positive energy and quivering silver javelins (almost dead, ally target)
The mass of ice explodes!
The iceblast engulfs the minotaur!
The minotaur is almost dead.
The minotaur hits you from afar with a +5 halberd of holy wrath!!!
You die...

Skill      XL: |  1  2  3  4  5  6  7  8  9 10 11 12 13 14 |
---------------+-------------------------------------------+-----
Air Magic      | 5 6 7 8 9 11 12 14 15 17 | 17.4
Stealth        | 3 5 |  5.0
Fighting       | 1 3 4 5 6 8 9 10 | 10.0
Ranged Weapons | 3 |  3.0
Spellcasting   | 3 5 6 8 9 10 | 10.0
Conjurations   | 2 3 5 8 9 |  9.0
Dodging        | 3 4 12 | 12.9
Evocations     | 2 4 |  4.0
Poison Magic   | 2 4 |  4.0
Hexes          | 1 4 |  4.0
Throwing       | 4 |  4.0
Summonings     | 4 |  4.1

Action                     |  1- 3 |  4- 6 |  7- 9 | 10-12 | 13-15 || total
---------------------------+-------+-------+-------+-------+-------++-------
  Melee: Dagger            |     3 |     8 |       |    16 |       ||    27
         Peck              |       |     2 |       |     4 |     3 ||     9
         Kick              |       |     1 |       |     7 |     4 ||    12
         Rapier            |       |       |       |       |     5 ||     5
         War axe           |       |       |       |       |     1 ||     1
   Fire: Sling             |       |    19 |    54 |   104 |     2 ||   179
   Cast: Shock             |    74 |   121 |     4 |    12 |    12 ||   223
         Static Discharge  |       |     3 |    18 |    56 |    19 ||    96
         Airstrike         |       |     2 |    51 |   196 |   274 ||   523
         Swiftness         |       |       |     2 |     7 |    10 ||    19
         Poisonous Vapours |       |       |       |    51 |    91 ||   142
         Fulminant Prism   |       |       |       |     1 |    10 ||    11
         Arcjolt           |       |       |       |       |    31 ||    31
         Summon Lightning  |       |       |       |       |    14 ||    14
         Mephitic Cloud    |       |       |       |       |     5 ||     5
  Evoke: Wand              |       |       |       |    10 |     4 ||    14
    Use: Scroll            |       |     6 |     2 |     4 |     5 ||    17
         Potion            |       |       |     1 |     2 |     1 ||     4
   Stab: Distracted        |       |       |       |       |     1 ||     1
 Armour: Robe              |     2 |     9 |    14 |    30 |    10 ||    65
  Dodge: Dodged            |     7 |    24 |    40 |   248 |    78 ||   397

Levels and vault maps discovered:
D:1:      dpeg_arrival_more_subterranean_lakeside_camping, layout_basic,
          minmay_misc_feat_columns, st_stairs_10
D:2:      layout_loops_ring, grunt_ministairs_2, minmay_misc_feat_diagonals,
          kennysheep_donut, uniq_jessica
D:3:      layout_loops_ring, cheibrodos_sewer_entry_bend,
          kennysheep_generic_room_13, uniq_robin
D:4:      minmay_polygon_palace, layout_loops_cross, minivault_19,
          uniq_crazy_yiuf_cottage
D:5:      layout_rooms, mainiacjoe_overflow_alcove_4, minmay_temple_entry_wispy,
          serial_shops, shop, uniq_edmund, uniq_blork_the_orc
D:6:      layout_basic, slow_altar_1, serial_bayou_lagoon_b
D:7:      layout_rooms, grunt_temple_overflow_open,
          ebering_ghost_reflecting_pool, uniq_pikel
D:8:      layout_layer_cave, erik_lair_orcish_takeover, grunt_ministairs_14,
          minmay_liquid_box, sigmund_army
D:9:      layout_gridville
D:10:     layout_basic, nicolae_overflow_crystal_walls
D:11:     old_forge, layout_small_grid, gauntlet_entry_generic,
          chequers_serial_rivers_micro_b
Temple:   bh_familiar_temple
Lair:1:   beast_lair_carwin_large_2, layout_regular_city, enter_volcano_4
Lair:2:   layout_long_grid, minmay_swamp_entry_eels,
          nicolae_spider_entry_lesser_pyramids, beast_lair_carwin_9,
          grunt_megastairs_2
Lair:3:   layout_chaotic_city
Lair:4:   layout_misc_corridors, kennysheep_catoblepas_arena
Lair:5:   cheibrodos_lair_end_hotspot, layout_regular_city,
          dpeg_slime_entry_enclosed, dreamdust_gnoll_shepherd,
          serial_bayou_shore_a
Gauntlet: gammafunk_gauntlet_one_two_three [nicolae_gauntlet_arena_grate_2,
          gammafunk_gauntlet_arena_corners, gammafunk_gauntlet_arena_mazey,
          nicolae_gauntlet_arena_quarters, nicolae_gauntlet_arena_blocks,
          gammafunk_gauntlet_arena_open, gammafunk_gauntlet_arena_teeth,
          gammafunk_gauntlet_arena_spirals, gammafunk_gauntlet_arena_crates,
          dreamdust_gauntlet_exit_labyrinth]

Notes
Turn   | Place    | Note
-------+----------+-------------------------------------------
     0 | D:1      | quinnr the Tengu Air Elementalist began the quest for the
                  | Orb.
     0 | D:1      | Reached XP level 1. HP: 10/10 MP: 4/4
   287 | D:1      | Reached XP level 2. HP: 15/15 MP: 4/6
   526 | D:1      | Reached skill level 5 in Air Magic
   813 | D:1      | Reached XP level 3. HP: 19/19 MP: 3/7
  1319 | D:2      | Reached skill level 6 in Air Magic
  1521 | D:2      | Reached XP level 4. HP: 24/24 MP: 1/8
  1726 | D:2      | Noticed Jessica
  1742 | D:2      | Killed Jessica
  1747 | D:2      | Learned a level 2 spell: Static Discharge
  1783 | D:2      | Reached skill level 7 in Air Magic
  2313 | D:3      | Noticed Robin
  2317 | D:3      | Gained mutation: Your magical nature lets you fly swiftly
                  | and evasively. [Tengu growth]
  2317 | D:3      | Reached XP level 5. HP: 28/28 MP: 5/9
  2328 | D:3      | Killed Robin
  2477 | D:3      | Found a glowing drain.
  2488 | Sewer    | Entered a sewer
  2495 | Sewer    | Learned a level 4 spell: Airstrike
  3575 | D:3      | Reached skill level 8 in Air Magic
  3616 | D:3      | Reached skill level 3 in Stealth
  3616 | D:3      | Reached XP level 6. HP: 32/32 MP: 1/10
  4017 | D:4      | Found a runed translucent door.
  4018 | D:4      | Noticed Crazy Yiuf
  4035 | D:4      | Killed Crazy Yiuf
  4440 | D:4      | Reached skill level 9 in Air Magic
  4477 | D:4      | Reached skill level 1 in Fighting
  4766 | D:4      | Reached XP level 7. HP: 38/38 MP: 12/12
  4807 | D:4      | Reached skill level 1 in Ranged Weapons
  4807 | D:4      | Reached skill level 3 in Spellcasting
  5106 | D:5      | Entered Level 5 of the Dungeon
  5118 | D:4      | Reached skill level 2 in Ranged Weapons
  5119 | D:4      | Reached skill level 3 in Ranged Weapons
  5168 | D:5      | Reached skill level 2 in Fighting
  5230 | D:5      | Reached skill level 2 in Conjurations
  5298 | D:5      | Found Ykkaelal's Distillery.
  5317 | D:5      | Found a staircase to the Ecumenical Temple.
  5327 | Temple   | Entered the Ecumenical Temple
  5342 | Temple   | Became a worshipper of Vehumet
  5359 | D:5      | Noticed Edmund
  5435 | Temple   | Learned a level 3 spell: Swiftness
  6215 | Temple   | Killed Edmund
  6216 | Temple   | Reached skill level 3 in Fighting
  6216 | Temple   | Reached skill level 3 in Dodging
  6216 | Temple   | Reached XP level 8. HP: 38/46 MP: 0/13
  6328 | D:5      | Reached skill level 4 in Dodging
  6404 | D:5      | Noticed Blork the orc
  6413 | D:5      | Killed Blork the orc
  6998 | D:5      | Reached skill level 4 in Spellcasting
  6998 | D:5      | Reached skill level 10 in Air Magic
  7091 | D:5      | Found a hazy altar of Hepliaklqana.
  7603 | D:6      | Found a snail-covered altar of Cheibriados.
  8174 | D:6      | Reached skill level 5 in Spellcasting
  8270 | D:6      | Reached skill level 3 in Conjurations
  8454 | D:7      | Noticed Pikel
  8463 | D:6      | HP: 3/46 [/static electricity (3)]
  8653 | D:6      | Killed Pikel
  8654 | D:6      | Reached skill level 11 in Air Magic
  8654 | D:6      | Reached skill level 4 in Fighting
  8654 | D:6      | Reached XP level 9. HP: 52/52 MP: 8/18
  8723 | D:7      | Reached skill level 6 in Spellcasting
  8895 | D:7      | Reached * piety under Vehumet
  8895 | D:7      | Offered knowledge of Kiss of Death by Vehumet.
  8983 | D:7      | Identified a potion of experience
  8985 | D:7      | Reached skill level 12 in Dodging
  8985 | D:7      | Reached XP level 10. HP: 58/58 MP: 20/20
  8986 | D:7      | Found an ornate altar of the Wu Jian Council.
  8992 | D:7      | Reached skill level 5 in Fighting
  9115 | D:7      | Found a shimmering altar of Xom.
  9221 | D:7      | Paralysed by a gnoll for 5 turns
  9470 | D:7      | Found a runed translucent door.
  9474 | D:7      | Noticed Newt's ghost (novice DsGl)
 10577 | D:8      | Found a staircase to the Lair.
 10582 | D:8      | Reached skill level 1 in Evocations
 10716 | D:8      | Reached skill level 12 in Air Magic
 10835 | D:8      | Offered knowledge of Poisonous Vapours by Vehumet.
 10888 | D:8      | Reached ** piety under Vehumet
 10894 | Lair:1   | Entered Level 1 of the Lair of Beasts
 10912 | Lair:1   | Reached skill level 2 in Evocations
 10942 | Lair:1   | Found a dark tunnel.
 10947 | Volcano  | Entered a volcano
 11058 | Volcano  | Reached XP level 11. HP: 63/63 MP: 9/21
 11248 | Volcano  | Reached skill level 3 in Evocations
 11474 | Volcano  | Found a bloodstained altar of Trog.
 11474 | Volcano  | Noticed a centaur warrior
 11483 | Volcano  | Killed a centaur warrior
 11484 | Volcano  | Reached skill level 4 in Evocations
 11491 | Volcano  | Reached skill level 13 in Air Magic
 11662 | Volcano  | Noticed a red draconian
 11672 | Volcano  | Killed a red draconian
 11673 | Volcano  | Reached skill level 14 in Air Magic
 12553 | D:7      | Killed Newt's ghost
 12554 | D:7      | Reached skill level 4 in Conjurations
 13329 | D:8      | Learned a level 2 spell: Poisonous Vapours
 13541 | Lair:1   | Reached skill level 1 in Poison Magic
 13871 | Lair:1   | Offered knowledge of Momentum Strike by Vehumet.
 13922 | Lair:1   | Reached skill level 5 in Conjurations
 14088 | Lair:1   | Reached skill level 2 in Poison Magic
 14152 | Lair:1   | Reached skill level 6 in Fighting
 14152 | Lair:1   | Reached XP level 12. HP: 70/70 MP: 12/22
 14593 | Lair:1   | Reached *** piety under Vehumet
 14594 | Lair:1   | Reached skill level 3 in Poison Magic
 14705 | Lair:2   | Noticed a five-headed hydra
 14934 | Lair:1   | Reached skill level 15 in Air Magic
 15342 | Lair:1   | Reached skill level 7 in Spellcasting
 15559 | Lair:1   | Reached skill level 4 in Poison Magic
 15561 | Lair:1   | Reached skill level 7 in Fighting
 15761 | Lair:2   | Found a staircase to the Swamp.
 16102 | Lair:2   | Noticed a seven-headed hydra
 16112 | Lair:2   | Killed a seven-headed hydra
 16113 | Lair:2   | Reached skill level 8 in Fighting
 16113 | Lair:2   | Reached skill level 8 in Spellcasting
 16148 | Lair:2   | Offered knowledge of Fulminant Prism by Vehumet.
 16171 | Lair:2   | Learned a level 4 spell: Fulminant Prism
 16592 | Lair:3   | Reached skill level 1 in Hexes
 16657 | Lair:3   | Noticed an eight-headed hydra
 16661 | Lair:3   | Killed an eight-headed hydra
 16710 | Lair:3   | Reached XP level 13. HP: 54/79 MP: 19/26
 16930 | Lair:3   | Reached skill level 6 in Conjurations
 17124 | Lair:3   | Reached **** piety under Vehumet
 17202 | Lair:3   | Reached skill level 1 in Throwing
 17238 | Lair:3   | Offered knowledge of Arcjolt by Vehumet.
 17240 | Lair:3   | Reached skill level 2 in Hexes
 17380 | Lair:3   | Reached skill level 2 in Throwing
 18081 | Lair:4   | Reached skill level 9 in Fighting
 18081 | Lair:4   | Reached skill level 3 in Throwing
 18441 | Lair:4   | Reached skill level 7 in Conjurations
 18494 | Lair:4   | Identified the +0 pair of gloves of Darkness {rElec Str-3
                  | Int+7}
 18630 | Lair:5   | Entered Level 5 of the Lair of Beasts
 18689 | Lair:5   | Identified the +5 rapier "Bapnag" {holy, Stlth+}
 18707 | Lair:5   | Learned a level 5 spell: Arcjolt
 18823 | Lair:5   | Reached skill level 4 in Throwing
 18844 | Lair:5   | Reached skill level 9 in Spellcasting
 18847 | Lair:5   | Reached skill level 3 in Hexes
 19250 | Lair:5   | Reached skill level 8 in Conjurations
 19281 | Lair:5   | Reached ***** piety under Vehumet
 19281 | Lair:5   | Offered knowledge of Flame Wave by Vehumet.
 19562 | Lair:4   | Identified the ring "Vijoy" {Fly rF- EV+5 Int+3}
 19830 | Lair:5   | Reached skill level 4 in Hexes
 19830 | Lair:5   | Reached XP level 14. HP: 62/87 MP: 6/28
 19874 | Lair:5   | Reached skill level 10 in Fighting
 19874 | Lair:5   | Reached skill level 9 in Conjurations
 20046 | Lair:5   | Found a staircase to the Slime Pits.
 20147 | Lair:5   | Reached skill level 10 in Spellcasting
 20615 | Lair:5   | Found a large runed translucent door.
 20615 | Lair:5   | Found a large runed translucent door.
 20661 | Lair:5   | Reached skill level 16 in Air Magic
 21475 | Lair:2   | Found a hole to the Spider Nest.
 21727 | Lair:2   | Learned a level 4 spell: Summon Lightning Spire
 21830 | Lair:2   | Learned a level 3 spell: Mephitic Cloud
 22098 | D:5      | Bought a potion of attraction for 42 gold pieces
 22098 | D:5      | Bought a potion of lignification for 42 gold pieces
 22098 | D:5      | Bought 2 potions of magic for 224 gold pieces
 22098 | D:5      | Bought a potion of haste for 140 gold pieces
 22098 | D:5      | Bought a potion of curing for 42 gold pieces
 22098 | D:5      | Bought a potion of curing for 42 gold pieces
 22098 | D:5      | Bought a potion of curing for 42 gold pieces
 22098 | D:5      | Bought a potion of curing for 42 gold pieces
 22098 | D:5      | Bought a potion of enlightenment for 70 gold pieces
 22157 | D:7      | Identified the +0 helmet of Gallantry {Fly Str-3 Int+7
                  | Slay-5}
 22273 | D:9      | Reached skill level 1 in Summonings
 22389 | D:10     | Entered Level 10 of the Dungeon
 22526 | D:10     | Found an iron altar of Okawaru.
 22566 | D:10     | Reached skill level 2 in Summonings
 22566 | D:10     | Reached skill level 17 in Air Magic
 22633 | D:10     | Identified the +0 war axe "Ceobbuur" {holy, rF+ Dex+5}
 22873 | D:10     | Reached skill level 4 in Stealth
 22880 | D:10     | Reached skill level 3 in Summonings
 23821 | D:11     | Found a gate leading to a gauntlet.
 23838 | Gauntlet | Entered a Gauntlet
 23838 | Gauntlet | Found a transporter.
 23851 | Gauntlet | Found a transporter.
 23864 | Gauntlet | Found a transporter.
 23869 | Gauntlet | Found a transporter.
 23886 | Gauntlet | Found a transporter.
 23901 | Gauntlet | Found a transporter.
 23916 | Gauntlet | Found a transporter.
 23928 | Gauntlet | Found a transporter.
 23933 | Gauntlet | Noticed a quicksilver ooze
 23938 | Gauntlet | Found the dreamshard necklace {Acrobat *Dream}
 23940 | Gauntlet | Found a transporter.
 23952 | Gauntlet | Found a transporter.
 23969 | Gauntlet | Found a transporter.
 23986 | Gauntlet | Found a transporter.
 23988 | Gauntlet | Found a transporter.
 24019 | Gauntlet | Found a transporter.
 24207 | Gauntlet | Found a transporter.
 24209 | Gauntlet | Found a transporter.
 24211 | Gauntlet | Found a transporter.
 24233 | Gauntlet | Found a transporter.
 24431 | Gauntlet | Killed a quicksilver ooze
 24432 | Gauntlet | Reached skill level 5 in Stealth
 24432 | Gauntlet | Reached skill level 4 in Summonings
 24433 | Gauntlet | Identified the +1 hat of Reotiem {rCorr}
 24454 | Gauntlet | Learned a level 5 spell: Freezing Cloud
 24524 | Gauntlet | Found the +8 arc blade {discharge, rElec}
 24524 | Gauntlet | Found the +2 Maxwell's thermic engine {flame, freeze, rev}
 24539 | Gauntlet | Annihilated by a minotaur

Vanquished Creatures
  A quicksilver ooze (Gauntlet)
  A red draconian (Volcano)
  A fire dragon (Lair:5)
  7 hydras
  A catoblepas (Lair:4)
  A centaur warrior (Volcano)
  A two-headed ogre (D:10)
  The ghost of Newt the Trooper, a novice DsGl (D:7)
  A skyshark (Lair:5)
  A pharaoh ant (Lair:2)
  Pikel (D:6)
  A lindwurm (Lair:5)
  9 elephants
  5 molten gargoyles
  8 black mambas
  11 cane toads
  A gargoyle (Gauntlet)
  2 torpor snails
  14 komodo dragons
  3 rime drakes
  A troll (D:10)
  2 polar bears
  7 dream sheep
  8 blink frogs
  A shadow (D:10)
  7 wyverns
  56 yaks
  6 fire bats (Volcano)
  9 basilisks
  2 redbacks (Lair:2)
  4 wargs
  2 steam dragons
  Edmund (Temple)
  15 water moccasins
  An acid dragon (D:9)
  3 hell hounds (Lair:5)
  An ice beast (D:7)
  3 black bears
  A sky beast (D:7)
  3 ogres
  7 centaurs
  19 wolves
  A lemure (D:6)
  15 bullfrogs
  3 kobold brigands
  Blork the orc (D:5)
  A gnoll sergeant (D:9)
  5 scorpions
  4 wights (D:7)
  6 killer bees (D:8)
  2 howler monkeys
  4 electric eels
  10 lava snakes
  2 gnoll boudas
  2 hounds
  An orc priest (D:8)
  Crazy Yiuf (D:4)
  Jessica (D:2)
  4 iguanas
  7 orc wizards
  Robin (D:3)
  15 gnolls
  14 adders
  A river rat (Sewer)
  2 shadow imps
  A white imp (D:7)
  An ufetubus (D:5)
  5 worms
  A dart slug (D:4)
  18 orcs
  13 ball pythons
  6 bats
  7 endoplasms
  3 giant cockroaches
  21 goblins
  8 hobgoblins
  3 jackals (D:4)
  30 kobolds
  6 quokkas
  2 frilled lizards
  5 rats
463 creatures vanquished.

Vanquished Creatures (collateral kills)
  A two-headed ogre (D:10)
  A catoblepas (Gauntlet)
  A soul eater (Gauntlet)
  9 yaks (D:10)
  A wyvern (D:9)
  An orc priest (D:9)
  A gnoll (D:9)
  4 shadow imps (Gauntlet)
  A kobold (D:10)
20 creatures vanquished.

Vanquished Creatures (others)
  11 fulminant prisms
11 creatures vanquished.

Grand Total: 494 creatures vanquished

Table legend: (Time is in decaauts)
 A = Elapsed time spent in this place.
 B = Non-inter-level travel time spent in this place.
 C = Inter-level travel time spent in this place.
 D = Time resting spent in this place.
 E = Time spent auto-exploring this place.
 F = Levels seen in this place.
 G = Mean time per level.
                   A        B        C        D        E       F      G
               +--------+--------+--------+--------+--------+-----+--------+
         Total |  23490 |  22153 |   1337 |   2418 |  15647 |  20 | 1174.5 |
       Dungeon |  12116 |  11305 |    811 |    626 |   8909 |  11 | 1101.5 |
        Temple |    879 |    859 |     20 |    712 |      0 |   1 |  879.0 |
          Lair |   8301 |   7796 |    505 |    567 |   5776 |   5 | 1660.2 |
         Sewer |    627 |    627 |      0 |      2 |    507 |   1 |  627.0 |
       Volcano |    920 |    920 |      0 |    460 |    193 |   1 |  920.0 |
      Gauntlet |    645 |    645 |      0 |     48 |    259 |   1 |  645.0 |
               +--------+--------+--------+--------+--------+-----+--------+

Top non-repeatable levels by time:
  Lair:5: 2513 daAuts
  Lair:1: 2280 daAuts
     D:8: 1849 daAuts
     D:6: 1730 daAuts
  Lair:2: 1388 daAuts
     D:4: 1282 daAuts
     D:7: 1260 daAuts
  Lair:3: 1209 daAuts
     D:2: 1187 daAuts
     D:1: 1116 daAuts
     D:5: 1104 daAuts
     D:3: 971 daAuts
 Volcano: 920 daAuts
  Lair:4: 908 daAuts
     D:9: 906 daAuts

Table legend:
 A = Non-vault XP
 B = Vault XP
 C = Vault XP percentage of total XP
 D = Non-vault monster count
 E = Vault monster count
 F = Vault count percentage of total count
                 A         B        C        D         E       F
            +---------+---------+-------+---------+---------+-------
      Total |   49590 |   26150 |  34.5 |     323 |     159 |  33.0
            +---------+---------+-------+---------+---------+-------
        D:1 |      38 |       2 |   5.0 |      22 |       2 |   8.3
        D:2 |      68 |      46 |  40.4 |      18 |       4 |  18.2
        D:3 |      64 |      42 |  39.6 |       9 |      13 |  59.1
        D:4 |     342 |     139 |  28.9 |      16 |      17 |  51.5
        D:5 |     716 |      87 |  10.8 |      18 |       1 |   5.3
        D:6 |     553 |     646 |  53.9 |       8 |       2 |  20.0
        D:7 |    1273 |     758 |  37.3 |      25 |       1 |   3.8
        D:8 |     873 |     607 |  41.0 |      16 |      11 |  40.7
        D:9 |    1686 |       0 |   0.0 |      21 |       0 |   0.0
       D:10 |    6374 |       0 |   0.0 |      33 |       0 |   0.0
     Temple |      14 |     162 |  92.0 |       2 |       1 |  33.3
     Lair:1 |    7015 |    3084 |  30.5 |      27 |      16 |  37.2
     Lair:2 |    5547 |    2448 |  30.6 |      23 |      12 |  34.3
     Lair:3 |    6170 |       0 |   0.0 |      22 |       0 |   0.0
     Lair:4 |    5037 |    1333 |  20.9 |      16 |       3 |  15.8
     Lair:5 |   13820 |    8962 |  39.3 |      47 |      31 |  39.7
      Sewer |       0 |      81 | 100.0 |       0 |      18 | 100.0
    Volcano |       0 |    4607 | 100.0 |       0 |      19 | 100.0
   Gauntlet |       0 |    3146 | 100.0 |       0 |       8 | 100.0
            +---------+---------+-------+---------+---------+-------

Levels and vault maps discovered:
D:1:      dpeg_arrival_more_subterranean_lakeside_camping, layout_basic,
          minmay_misc_feat_columns, st_stairs_10
D:2:      layout_loops_ring, grunt_ministairs_2, minmay_misc_feat_diagonals,
          kennysheep_donut, uniq_jessica
D:3:      layout_loops_ring, cheibrodos_sewer_entry_bend,
          kennysheep_generic_room_13, uniq_robin
D:4:      minmay_polygon_palace, layout_loops_cross, minivault_19,
          uniq_crazy_yiuf_cottage
D:5:      layout_rooms, mainiacjoe_overflow_alcove_4, minmay_temple_entry_wispy,
          serial_shops, shop, uniq_edmund, uniq_blork_the_orc
D:6:      layout_basic, slow_altar_1, serial_bayou_lagoon_b
D:7:      layout_rooms, grunt_temple_overflow_open,
          ebering_ghost_reflecting_pool, uniq_pikel
D:8:      layout_layer_cave, erik_lair_orcish_takeover, grunt_ministairs_14,
          minmay_liquid_box, sigmund_army
D:9:      layout_gridville
D:10:     layout_basic, nicolae_overflow_crystal_walls
D:11:     old_forge, layout_small_grid, gauntlet_entry_generic,
          chequers_serial_rivers_micro_b
Temple:   bh_familiar_temple
Lair:1:   beast_lair_carwin_large_2, layout_regular_city, enter_volcano_4
Lair:2:   layout_long_grid, minmay_swamp_entry_eels,
          nicolae_spider_entry_lesser_pyramids, beast_lair_carwin_9,
          grunt_megastairs_2
Lair:3:   layout_chaotic_city
Lair:4:   layout_misc_corridors, kennysheep_catoblepas_arena
Lair:5:   cheibrodos_lair_end_hotspot, layout_regular_city,
          dpeg_slime_entry_enclosed, dreamdust_gnoll_shepherd,
          serial_bayou_shore_a
Gauntlet: gammafunk_gauntlet_one_two_three [nicolae_gauntlet_arena_grate_2,
          gammafunk_gauntlet_arena_corners, gammafunk_gauntlet_arena_mazey,
          nicolae_gauntlet_arena_quarters, nicolae_gauntlet_arena_blocks,
          gammafunk_gauntlet_arena_open, gammafunk_gauntlet_arena_teeth,
          gammafunk_gauntlet_arena_spirals, gammafunk_gauntlet_arena_crates,
          dreamdust_gauntlet_exit_labyrinth]
